[Event "Titled Tuesday Blitz February 07 Early 2023"]
[White "Suder, Jakub"]
[Black "Terry, Renato"]
[WhiteFideId "1195310"]
[BlackFideId "3803457"]
[WhiteElo "2244"]
[BlackElo "2520"]
[Result "0-1"]
[Round "02"]
[TimeControl "180+2"]
[Date "2023.02.07"]
[WhiteClock "0:00:07"]
[BlackClock "0:00:45"]

1. d4 e6 2. c4 Bb4+ 3. Bd2 c5 4. dxc5 Bxc5 5. Bc3 Nf6 6. e3 O-O 7. Nd2 d5 8. Nb3 Be7 9. Nf3 b6 10. Be2 Bb7 11. O-O Ne4 12. Be1 Nd7 13. Rc1 Bf6 14. Nfd4 Rc8 15. Bb4 Re8 16. cxd5 Bxd5 17. Ba6 Rxc1 18. Qxc1 Qb8 19. Bb5 Rc8 20. Qb1 Ndc5 21. Rc1 Nxb3 22. Nxb3 h5 23. f3 Nc5 24. Bxc5 bxc5 25. Bc4 Be5 26. h3 Bb7 27. Qc2 Bf6 28. Rd1 Bh4 29. Rd7 Bc6 30. Rd2 Qg3 31. Qd1 Bf6 32. Kf1 Qh2 33. Qe1 Qh1+ 0-1


[Site "https://www.chess.com"]

[Event "Titled Tuesday Blitz February 07 Early 2023"]
[White "Horobetz, Graham"]
[Black "Indjic, Aleksandar"]
[WhiteFideId "2047322"]
[BlackFideId "911925"]
[WhiteElo "2140"]
[BlackElo "2618"]
[Result "0-1"]
[Round "02"]
[TimeControl "180+2"]
[Date "2023.02.07"]
[WhiteClock "0:00:05"]
[BlackClock "0:00:46"]

1. e4 c5 2. Nf3 d6 3. d4 cxd4 4. Nxd4 Nf6 5. Nc3 a6 6. f3 e5 7. Nb3 Be7 8. Be3 Be6 9. Qd2 h5 10. Be2 Nbd7 11. Nd5 Bxd5 12. exd5 Qc7 13. Na5 O-O 14. c4 Rfe8 15. O-O Bf8 16. b4 b6 17. Nc6 Nb8 18. Nxb8 Raxb8 19. Rfc1 a5 20. a3 g6 21. Rab1 Nd7 22. Bd1 axb4 23. axb4 Ra8 24. Ra1 Bg7 25. Ra2 Ra7 26. Rca1 Rxa2 27. Rxa2 Qxc4 28. Ba4 Rd8 29. Rc2 Qa6 30. Bc6 e4 31. Ra2 Qc4 32. Rc2 Qb3 33. fxe4 Ne5 34. Bxb6 Nc4 35. Rxc4 Qxc4 36. h4 Rb8 37. Ba5 Bd4+ 38. Kh2 Be5+ 39. Kh3 Qb3+ 0-1


[Site "https://www.chess.com"]

[Event "Titled Tuesday Blitz February 07 Early 2023"]
[White "Zierk, Steven"]
[Black "Klose, Eli"]
[WhiteFideId "2034255"]
[BlackFideId "16242955"]
[WhiteElo "2488"]
[BlackElo "1519"]
[Result "1-0"]
[Round "02"]
[TimeControl "180+2"]
[Date "2023.02.07"]
[WhiteClock "0:00:19"]
[BlackClock "0:00:44"]

1. e4 e6 2. d4 d5 3. Nc3 Bb4 4. e5 Ne7 5. Bd2 b6 6. h4 Ba6 7. Bxa6 Nxa6 8. h5 h6 9. Qg4 Nf5 10. Nf3 Qe7 11. O-O-O O-O-O 12. Qf4 Bxc3 13. Bxc3 Qe8 14. g4 Ne7 15. Qe3 Kb7 16. Nh4 c5 17. f4 Rc8 18. f5 Qa4 19. Kb1 cxd4 20. Rxd4 Rc4 21. b3 Qb5 22. a4 Rxc3 23. Qxc3 Qd7 24. fxe6 fxe6 25. Rf4 Nc5 26. Rf7 Ne4 27. Qb4 Re8 28. Ng6 Nc5 29. Rxg7 Ka8 30. Rf1 Qd8 31. Rff7 Nxg6 32. Rxa7+ Kb8 33. hxg6 Rf8 34. Raf7 Re8 35. a5 1-0


[Site "https://www.chess.com"]

[Event "Titled Tuesday Blitz February 07 Early 2023"]
[White "Budisavljevic, Luka"]
[Black "Sjugirov, Sanan"]
[WhiteFideId "960047"]
[BlackFideId "4189302"]
[WhiteElo "2488"]
[BlackElo "2712"]
[Result "0-1"]
[Round "02"]
[TimeControl "180+2"]
[Date "2023.02.07"]
[WhiteClock "0:00:19"]
[BlackClock "0:00:06"]

1. d4 Nf6 2. c4 e6 3. Nc3 Bb4 4. e3 Bxc3+ 5. bxc3 b6 6. f3 Bb7 7. e4 d6 8. Nh3 Nc6 9. Nf2 Nd7 10. Bd3 Qe7 11. h4 Na5 12. Bg5 f6 13. Be3 h5 14. Qe2 O-O-O 15. O-O-O Kb8 16. Kb1 e5 17. Ka1 Nf8 18. Rb1 c5 19. d5 Nd7 20. Bd2 Rdg8 21. Rbg1 g5 22. g4 gxh4 23. Rxh4 hxg4 24. Rxh8 Rxh8 25. Nxg4 Bc8 26. Nh6 Nf8 27. Rg3 Qd7 28. Qd1 Ba6 29. Nf5 Bxc4 30. Rg7 Qd8 31. Bxc4 Nxc4 32. Qf1 b5 33. Bh6 Qa5 34. Ne7 Qxc3+ 35. Kb1 Qb2# 0-1


[Site "https://www.chess.com"]

[Event "Titled Tuesday Blitz February 07 Early 2023"]
[White "Korobov, Anton"]
[Black "Shuvalova, Polina"]
[WhiteFideId "14105730"]
[BlackFideId "24171760"]
[WhiteElo "2664"]
[BlackElo "2484"]
[Result "0-1"]
[Round "02"]
[TimeControl "180+2"]
[Date "2023.02.07"]
[WhiteClock "0:00:04"]
[BlackClock "0:00:04"]

1. d4 Nf6 2. c4 e6 3. Nc3 Bb4 4. e3 O-O 5. Bd3 c5 6. Nf3 d5 7. O-O cxd4 8. exd4 dxc4 9. Bxc4 b6 10. Bg5 Bb7 11. Re1 Nbd7 12. Rc1 Bxc3 13. Rxc3 Rc8 14. Nd2 Re8 15. Bb5 Rxc3 16. bxc3 Re7 17. Qa4 Nf8 18. Bxf6 gxf6 19. Bf1 Ng6 20. Re3 Rc7 21. Nb3 a6 22. c4 f5 23. Qb4 Rd7 24. c5 b5 25. Rc3 Bc6 26. Na5 Ne7 27. Rg3+ Kf8 28. Qd2 Be4 29. Qh6+ Ke8 30. Nb3 Ng6 31. Qxh7 a5 32. Qg7 a4 33. Bxb5 axb3 34. axb3 f4 35. Rh3 Ke7 36. Rh6 Rxd4 37. h4 Rd1+ 38. Kh2 f3 39. g3 Rd2 40. h5 Rxf2+ 41. Kh3 Qd1 42. hxg6 Qh1+ 43. Kg4 Bf5+ 44. Kg5 Qc1+ 45. Kh4 Rh2# 0-1


[Site "https://www.chess.com"]

[Event "Titled Tuesday Blitz February 07 Early 2023"]
[White "Assaubayeva, Bibisara"]
[Black "Bok, Benjamin"]
[WhiteFideId "13708694"]
[BlackFideId "1017063"]
[WhiteElo "2464"]
[BlackElo "2607"]
[Result "1-0"]
[Round "02"]
[TimeControl "180+2"]
[Date "2023.02.07"]
[WhiteClock "0:00:17"]
[BlackClock "0:00:05"]

1. e4 c5 2. Nf3 d6 3. d4 cxd4 4. Nxd4 Nf6 5. Nc3 a6 6. Qd3 e6 7. Be2 Nbd7 8. a4 b6 9. O-O Bb7 10. Qg3 g6 11. Re1 e5 12. Nb3 Bg7 13. Bc4 Qc7 14. Qd3 O-O 15. Bg5 Rfc8 16. Bxf6 Nxf6 17. Nd2 Bh6 18. Bb3 Qc5 19. Nc4 Rd8 20. a5 b5 21. Nb6 Rab8 22. Ncd5 Nxd5 23. Bxd5 Bc8 24. c3 Kg7 25. b4 Qc7 26. c4 bxc4 27. Bxc4 Rxb6 28. axb6 Qxb6 29. Reb1 f5 30. Qd5 Rf8 31. Qa5 Qxa5 32. Rxa5 fxe4 33. Bxa6 Bf5 34. Rd1 e3 35. fxe3 Bxe3+ 36. Kh1 Bd4 37. b5 Be4 38. Ra2 h5 39. h3 Rf5 40. Kh2 h4 41. Rad2 Rg5 42. Bc8 Kh6 43. Bg4 Bc5 44. Rxd6 Bxd6 45. Rxd6 Kg7 46. b6 Bb7 47. Rd7+ Kh6 48. Rxb7 e4 49. Re7 Rb5 50. b7 e3 51. Bf3 Rb2 52. Rxe3 Rb4 53. Re8 1-0


[Site "https://www.chess.com"]

[Event "Titled Tuesday Blitz February 07 Early 2023"]
[White "Borgaonkar Akshay"]
[Black "Chigaev, Maksim"]
[WhiteFideId "25639110"]
[BlackFideId "4108116"]
[WhiteElo "1991"]
[BlackElo "2628"]
[Result "1/2-1/2"]
[Round "02"]
[TimeControl "180+2"]
[Date "2023.02.07"]
[WhiteClock "0:00:02"]
[BlackClock "0:00:08"]

1. Nf3 Nf6 2. g3 g6 3. b3 Bg7 4. Bb2 d5 5. Bg2 c5 6. O-O O-O 7. e3 Nc6 8. d4 Ne4 9. Nbd2 Bg4 10. h3 Nxd2 11. Qxd2 Bxf3 12. Bxf3 cxd4 13. exd4 e6 14. c4 Qf6 15. Bg2 dxc4 16. Bxc6 bxc6 17. bxc4 c5 18. Rfd1 Rfd8 19. Rac1 cxd4 20. c5 e5 21. Qd3 Qc6 22. Qc4 h5 23. h4 Rac8 24. Ba3 Rd5 25. Qd3 Rcd8 26. Qe4 f5 27. Qe2 d3 28. Qe3 e4 29. Rb1 Kh7 30. Bb4 Bh6 31. Qe1 d2 32. Qe2 Rd3 33. Rb3 Qa4 34. Rxd3 Rxd3 35. a3 Qc2 36. Kg2 a5 37. Bxa5 Qxc5 38. Bb4 Qd5 39. a4 f4 40. gxf4 Bxf4 41. Kg1 e3 42. f3 Rb3 43. Bf8 Rb8 44. Be7 Qe6 45. Bg5 Bxg5 46. hxg5 Re8 47. a5 Qe5 48. a6 Qxg5+ 49. Kh2 Qh4+ 50. Kg2 Qg5+ 51. Kh2 Qe5+ 52. Kg2 h4 53. a7 Qg3+ 54. Kh1 h3 55. Rg1 Qc7 56. Qd3 Qf7 57. Qe4 Rxe4 58. a8=Q Qxf3+ 59. Kh2 Qf4+ 60. Kh1 Re7 61. Qc6 Qe4+ 62. Kh2 Qxc6 63. Rg3 Qd6 64. Kh1 Qxg3 1/2-1/2


[Site "https://www.chess.com"]

[Event "Titled Tuesday Blitz February 07 Early 2023"]
[White "Ibarra Jerez, Jose Carlos"]
[Black "Panesso Rivera, Henry"]
[WhiteFideId "2226332"]
[BlackFideId "4402707"]
[WhiteElo "2563"]
[BlackElo "2342"]
[Result "1-0"]
[Round "02"]
[TimeControl "180+2"]
[Date "2023.02.07"]
[WhiteClock "0:00:05"]
[BlackClock "0:00:01"]

1. e4 d6 2. d4 Nf6 3. Nc3 g6 4. Bg5 h6 5. Bh4 Nc6 6. f4 Nh5 7. f5 Bg7 8. Nf3 gxf5 9. d5 Nb8 10. Nd4 fxe4 11. Ne6 fxe6 12. Qxh5+ Kf8 13. Bc4 e5 14. O-O+ Bf6 15. Nxe4 Nd7 16. Nxf6 Nxf6 17. Bxf6 exf6 18. Qg6 f5 19. Rxf5+ Bxf5 20. Rf1 Qe8 21. Rxf5+ Ke7 22. Qf6+ Kd7 23. Bb5+ c6 24. Qg7+ Kd8 25. Qxb7 Rc8 26. Rf7 Qxf7 27. Qxf7 cxb5 28. Qxa7 Re8 29. Qb6+ Ke7 30. Qxb5 Rxc2 31. Qb7+ Kf6 32. Qd7 Rec8 33. Qxd6+ Kf5 34. Qe6+ Ke4 35. h3 Rf8 36. Qxh6 1-0


[Site "https://www.chess.com"]

[Event "Titled Tuesday Blitz February 07 Early 2023"]
[White "tuschessCM1"]
[Black "Nguyen, Ngoc Truong Son"]
[BlackFideId "12401110"]
[WhiteElo "2638"]
[BlackElo "2645"]
[Result "0-1"]
[Round "02"]
[TimeControl "180+2"]
[Date "2023.02.07"]
[WhiteClock "0:00:01"]
[BlackClock "0:00:09"]

1. c4 e6 2. Nf3 d5 3. e3 Nf6 4. b3 g6 5. Bb2 Bg7 6. Be2 O-O 7. O-O c5 8. cxd5 exd5 9. d4 b6 10. Nc3 Bb7 11. Rc1 Nbd7 12. Qc2 Qe7 13. Rfd1 Rfc8 14. Qb1 a6 15. a4 Ne4 16. a5 cxd4 17. Nxd4 bxa5 18. Bg4 Nxf2 19. Kxf2 Qh4+ 20. Kg1 Qxg4 21. Rf1 Re8 22. Nd1 Rac8 23. Rxc8 Bxc8 24. Bc3 Nc5 25. Bxa5 Bxd4 26. exd4 Ne4 27. Nf2 Nxf2 28. Rxf2 Bf5 29. Qc1 h5 30. Bd2 h4 31. h3 Qxd4 32. Bc3 Qe3 33. Qxe3 Rxe3 34. Bf6 Rxb3 35. Re2 Be4 36. Bxh4 f5 37. Bf6 Kf7 38. Bd4 Rb4 39. Bc3 Rc4 40. Be5 d4 41. Rb2 d3 42. Kf2 Ke6 43. Bf4 Bxg2 44. Rb6+ Bc6 45. Ke3 a5 46. Kxd3 Kd5 47. Be3 f4 0-1


[Site "https://www.chess.com"]

[Event "Titled Tuesday Blitz February 07 Early 2023"]
[White "Vokhidov, Shamsiddin"]
[Black "Seemann, Jakub"]
[WhiteFideId "14204223"]
[BlackFideId "21874697"]
[WhiteElo "2586"]
[BlackElo "2446"]
[Result "1-0"]
[Round "02"]
[TimeControl "180+2"]
[Date "2023.02.07"]
[WhiteClock "0:01:05"]
[BlackClock "0:00:01"]

1. c4 Nf6 2. Nc3 g6 3. g3 Bg7 4. Bg2 O-O 5. Nf3 d6 6. d4 Nc6 7. O-O Bg4 8. h3 Bxf3 9. Bxf3 Nd7 10. e3 e5 11. Ne2 exd4 12. Nxd4 Nde5 13. Nxc6 bxc6 14. Be2 Rb8 15. Rb1 c5 16. b3 Qd7 17. h4 Rfe8 18. Bb2 h5 19. Qd5 Qe6 20. Rbd1 Qxd5 21. Rxd5 Nf3+ 22. Bxf3 Bxb2 23. Kg2 a5 24. g4 hxg4 25. Bxg4 Be5 26. Rh1 a4 27. Bd7 axb3 28. axb3 Red8 29. Bb5 Kg7 30. h5 Rh8 31. f4 Bf6 32. Kf3 gxh5 33. Rdxh5 Rxh5 34. Rxh5 Ra8 35. Rh2 Ra1 36. Ke4 Rd1 37. Kf5 Rg1 38. Bc6 Bc3 39. Bd5 Rg3 40. Ke4 Kg6 41. Kd3 Bd4 42. Re2 Kf5 43. Bxf7 Bf6 44. Rh2 Bd4 45. Re2 Bf6 46. Bd5 Rh3 47. Bc6 Kg6 48. Ke4 Rg3 49. Kd5 Bc3 50. Ke6 1-0


[Site "https://www.chess.com"]

[Event "Titled Tuesday Blitz February 07 Early 2023"]
[White "Pinheiro, Iung Alicio de O."]
[Black "Mitrabha, Guha"]
[WhiteFideId "2104350"]
[BlackFideId "5057000"]
[WhiteElo "2306"]
[BlackElo "2507"]
[Result "1-0"]
[Round "02"]
[TimeControl "180+2"]
[Date "2023.02.07"]
[WhiteClock "0:00:39"]
[BlackClock "0:00:55"]

1. e4 c6 2. Nc3 d5 3. Nf3 dxe4 4. Nxe4 Nf6 5. Qe2 Nxe4 6. Qxe4 Be6 7. c4 Nd7 8. Nd4 Nf6 9. Nxe6 Nxe4 10. Nxd8 Rxd8 11. b4 e6 12. Rb1 Be7 13. d3 Nd6 14. Be3 a6 15. g4 h5 16. f3 Bf6 17. h3 g6 18. Bg2 Nc8 19. Ke2 Bd4 20. Bg5 Rd7 21. a4 Ne7 22. Rhc1 f6 23. Bd2 Kf7 24. a5 Rhd8 25. f4 hxg4 26. hxg4 f5 27. Bf3 fxg4 28. Bxg4 Bf6 29. Rb3 Nf5 30. Bxf5 gxf5 31. b5 cxb5 32. cxb5 axb5 33. Rc5 Rc8 34. Rxc8 1-0


[Site "https://www.chess.com"]

[Event "Titled Tuesday Blitz February 07 Early 2023"]
[White "Keymer, Vincent"]
[Black "Shapiro, Viktor"]
[WhiteFideId "12940690"]
[BlackFideId "4175700"]
[WhiteElo "2700"]
[BlackElo "2192"]
[Result "1-0"]
[Round "02"]
[TimeControl "180+2"]
[Date "2023.02.07"]
[WhiteClock "0:00:25"]
[BlackClock "0:00:46"]

1. a3 Nf6 2. Nf3 a5 3. d4 g6 4. c4 Bg7 5. Nc3 d6 6. g3 O-O 7. Bg2 Nbd7 8. O-O c6 9. Bf4 Nh5 10. Be3 e5 11. d5 Qc7 12. Rc1 Nhf6 13. Ng5 h6 14. dxc6 bxc6 15. Nge4 Ne8 16. Nd2 Rb8 17. Qa4 Rxb2 18. Qxc6 Bb7 19. Qxc7 Nxc7 20. Rb1 Bxg2 21. Rxb2 Bxf1 22. Kxf1 Rb8 23. Rxb8+ Nxb8 24. Nb5 Nxb5 25. cxb5 d5 26. Ba7 Nd7 27. Nb3 a4 28. Nc5 Nxc5 29. Bxc5 e4 30. Bd6 Bd4 31. Bc7 Kf8 32. b6 Ke7 33. b7 Ba7 34. b8=Q Bxb8 35. Bxb8 Kd7 36. e3 Kc6 37. Ke2 Kb5 38. Kd2 Kc4 39. Be5 Kb3 40. Bd6 f5 41. Bf8 h5 42. h4 Kb2 43. Bb4 Kb3 44. Kc1 Kc4 45. Kc2 d4 46. exd4 Kxd4 47. Kd2 Kc4 48. Ke3 Kd5 49. Kf4 Kd4 50. Kg5 e3 51. fxe3+ Kxe3 52. Kxg6 Kf2 53. Bd6 1-0


[Site "https://www.chess.com"]

[Event "Titled Tuesday Blitz February 07 Early 2023"]
[White "Bruzon Batista, Lazaro"]
[Black "Song, Julien"]
[WhiteFideId "3503739"]
[BlackFideId "659487"]
[WhiteElo "2611"]
[BlackElo "2350"]
[Result "1-0"]
[Round "02"]
[TimeControl "180+2"]
[Date "2023.02.07"]
[WhiteClock "0:01:21"]
[BlackClock "0:00:56"]

1. e4 e6 2. d4 d5 3. Nd2 c5 4. exd5 Qxd5 5. dxc5 Qxc5 6. Ngf3 Nf6 7. Bd3 Nbd7 8. Nb3 Qc7 9. Qe2 Bd6 10. O-O O-O 11. a4 b6 12. a5 Bb7 13. Nbd4 Ne5 14. Re1 Nxf3+ 15. Nxf3 Bxf3 16. Qxf3 Bxh2+ 17. Kh1 Bd6 18. axb6 Qxb6 19. Ra6 Qc7 20. g3 Nd5 21. c3 Rfd8 22. Kg2 h6 23. Be4 Bf8 24. Bb1 Qb7 25. Ra4 Rac8 26. Rh4 Rc7 27. Be4 Qb6 28. Reh1 Nf6 29. Bxh6 gxh6 30. Qxf6 Bg7 31. Qxd8+ 1-0


[Site "https://www.chess.com"]

[Event "Titled Tuesday Blitz February 07 Early 2023"]
[White "Czernek, Tymon"]
[Black "Kamsky, Gata"]
[WhiteFideId "1199510"]
[BlackFideId "2000024"]
[WhiteElo "2314"]
[BlackElo "2665"]
[Result "0-1"]
[Round "02"]
[TimeControl "180+2"]
[Date "2023.02.07"]
[WhiteClock "0:00:13"]
[BlackClock "0:00:17"]

1. e4 c5 2. Nf3 e6 3. d4 cxd4 4. Nxd4 a6 5. Bd3 Nf6 6. O-O d6 7. Nc3 Nbd7 8. Kh1 Nc5 9. f4 Qc7 10. Qf3 Be7 11. f5 e5 12. Nde2 b5 13. Bg5 Bb7 14. Bxf6 Bxf6 15. Nd5 Bxd5 16. exd5 e4 17. Bxe4 Bxb2 18. Rab1 Be5 19. f6 Bxf6 20. Ng3 Be5 21. Nh5 g6 22. Nf6+ Bxf6 23. Qxf6 O-O 24. Bf3 Rae8 25. h3 Nd7 26. Qf4 Ne5 27. a4 Rb8 28. axb5 axb5 29. Be2 Qxc2 30. Bxb5 Qc5 31. Qa4 Qxd5 32. Rfd1 Qc5 33. Rdc1 Qe3 34. Re1 Qg3 35. Qd4 Rfd8 36. Re3 Qg5 37. Reb3 h5 38. Ba4 Rxb3 39. Bxb3 Kg7 40. Bd5 Rd7 41. Rb8 Rc7 42. Rb1 Rc1+ 43. Rxc1 Qxc1+ 44. Kh2 Qg5 45. Be4 Qf6 46. Kh1 h4 47. Bd3 Nxd3 48. Qxd3 Qe5 49. Kg1 d5 50. Qd2 d4 51. Kf1 Qe4 52. Kf2 Kf6 53. Qa5 Qf5+ 54. Qxf5+ Kxf5 55. Kf3 g5 0-1


[Site "https://www.chess.com"]

[Event "Titled Tuesday Blitz February 07 Early 2023"]
[White "Kodinets, Konstantin L."]
[Black "Timofeev, Artyom"]
[WhiteFideId "4122011"]
[BlackFideId "4140419"]
[WhiteElo "2409"]
[BlackElo "2567"]
[Result "0-1"]
[Round "02"]
[TimeControl "180+2"]
[Date "2023.02.07"]
[WhiteClock "0:00:13"]
[BlackClock "0:00:19"]

1. d4 d5 2. Nf3 e6 3. Bf4 Bd6 4. e3 Nf6 5. Nbd2 O-O 6. Bd3 b6 7. Ne5 Bb7 8. Qf3 c5 9. c3 Nc6 10. Qh3 Ne7 11. g4 Ng6 12. Bg3 Ne4 13. f4 Bxe5 14. fxe5 f6 15. exf6 Qxf6 16. O-O-O Qg5 17. Bxe4 dxe4 18. Bd6 Rfd8 19. dxc5 bxc5 20. Nb3 c4 21. Na1 Qa5 22. a3 Qb6 23. Qg3 Rd7 24. Be5 Rad8 25. Rxd7 Rxd7 26. Nc2 Qa5 27. Bb8 e5 28. Rd1 Rxd1+ 29. Kxd1 Qd8+ 30. Kc1 Qxb8 0-1


[Site "https://www.chess.com"]

[Event "Titled Tuesday Blitz February 07 Early 2023"]
[White "Urazayev, Arystanbek"]
[Black "Kvaloy, Aksel Bu"]
[WhiteFideId "13709810"]
[BlackFideId "1528815"]
[WhiteElo "2460"]
[BlackElo "2321"]
[Result "1/2-1/2"]
[Round "02"]
[TimeControl "180+2"]
[Date "2023.02.07"]
[WhiteClock "0:00:10"]
[BlackClock "0:00:13"]

1. e4 e5 2. Nf3 Nf6 3. Nc3 Nc6 4. d4 exd4 5. Nxd4 Bb4 6. Nxc6 bxc6 7. Bd3 d5 8. Bd2 O-O 9. O-O Bxc3 10. Bxc3 Nxe4 11. Bxe4 dxe4 12. Qe2 Qe7 13. Qe3 Bf5 14. Rfd1 Bg6 15. Qd4 f5 16. Bb4 Qg5 17. Bxf8 Rxf8 18. Qc4+ Bf7 19. Qxc6 Bh5 20. Qc4+ Kh8 21. Qc5 Rg8 22. Qxc7 f4 23. h4 Qxh4 24. Rd4 Qg5 25. g3 Qf6 26. Qd6 fxg3 27. Qxf6 gxf6 28. fxg3 Rxg3+ 29. Kh2 Re3 30. Rg1 Bg6 31. Rd7 f5 32. Rgd1 Re2+ 33. Kg3 Rxc2 34. Rxa7 Rc8 35. Kf4 Re8 36. Rdd7 e3 37. Re7 Rb8 38. Kxe3 f4+ 39. Kxf4 Kg8 40. b3 Kf8 41. Reb7 Rc8 42. a4 Rc2 43. Ra8+ Be8 44. Rbb8 Re2 45. a5 Kf7 46. Rxe8 Rxe8 47. Rxe8 Kxe8 48. a6 h6 49. a7 h5 50. a8=Q+ Kd7 51. Qh1 Ke7 52. Qxh5 Kf6 53. Qa5 Kg7 54. b4 Kf6 55. b5 Kf7 56. Qb6 Ke7 1/2-1/2


[Site "https://www.chess.com"]

[Event "Titled Tuesday Blitz February 07 Early 2023"]
[White "Kalogeris, Ioannis"]
[Black "Belous, Vladimir"]
[WhiteFideId "4239563"]
[BlackFideId "4174003"]
[WhiteElo "2423"]
[BlackElo "2505"]
[Result "1-0"]
[Round "02"]
[TimeControl "180+2"]
[Date "2023.02.07"]
[WhiteClock "0:00:15"]
[BlackClock "0:00:09"]

1. e4 c5 2. Nf3 Nc6 3. Nc3 e6 4. Bb5 Nge7 5. O-O a6 6. Bxc6 Nxc6 7. d4 cxd4 8. Nxd4 Qc7 9. Be3 b5 10. Nxc6 Qxc6 11. Re1 Be7 12. a4 b4 13. Nd5 exd5 14. exd5 Qd6 15. Qf3 O-O 16. Bf4 Qf6 17. d6 Bb7 18. Qxb7 Bxd6 19. Bxd6 Qxd6 20. Rad1 Qc5 21. Re2 d6 22. g3 h6 23. Rd5 Qc4 24. Rdd2 Rae8 25. Rxe8 Rxe8 26. Qd5 Re1+ 27. Kg2 Qf1+ 28. Kf3 Qh1+ 29. Kg4 h5+ 30. Kh3 Qf1+ 31. Qg2 Qc4 32. Qa8+ Kh7 33. Qd5 Qf1+ 34. Qg2 Qc4 35. Qd5 Qg4+ 36. Kg2 h4 37. h3 Qg6 38. Rd4 1-0


[Site "https://www.chess.com"]

[Event "Titled Tuesday Blitz February 07 Early 2023"]
[White "Madaminov, Mukhiddin"]
[Black "Korchmar, Vasiliy"]
[WhiteFideId "14210703"]
[BlackFideId "24131750"]
[WhiteElo "2422"]
[BlackElo "2438"]
[Result "1-0"]
[Round "02"]
[TimeControl "180+2"]
[Date "2023.02.07"]
[WhiteClock "0:00:45"]
[BlackClock "0:00:02"]

1. d4 d5 2. Nc3 Nf6 3. Bf4 a6 4. e3 b5 5. Bd3 e6 6. Nf3 Bb7 7. Ne2 Nbd7 8. Ng3 Bd6 9. c3 Qe7 10. O-O O-O 11. Re1 Ne4 12. Bxd6 cxd6 13. Nd2 f5 14. a4 Bc6 15. axb5 Bxb5 16. Qe2 Bxd3 17. Qxd3 a5 18. Ra2 Rfb8 19. Rea1 Nb6 20. Ngf1 a4 21. f3 Nf6 22. e4 fxe4 23. fxe4 dxe4 24. Nxe4 Nxe4 25. Qxe4 Nc4 26. d5 Nxb2 27. dxe6 Ra5 28. Qb1 Qa7+ 29. Kh1 Nc4 30. Qd3 Qa6 31. h3 Re8 32. Re1 d5 33. Qf5 Qd6 34. Qf7+ 1-0


[Site "https://www.chess.com"]

[Event "Titled Tuesday Blitz February 07 Early 2023"]
[White "Yaran, Siar"]
[Black "Pap, Gyula"]
[WhiteFideId "6323006"]
[BlackFideId "725323"]
[WhiteElo "2288"]
[BlackElo "2429"]
[Result "0-1"]
[Round "02"]
[TimeControl "180+2"]
[Date "2023.02.07"]
[WhiteClock "0:00:07"]
[BlackClock "0:00:20"]

1. d4 d6 2. c4 Nc6 3. Nc3 g6 4. e4 Bg7 5. Be3 Nf6 6. f3 a6 7. Qd2 Bd7 8. Bd3 O-O 9. Nge2 Na5 10. Bh6 b5 11. h4 bxc4 12. Bc2 e5 13. Rd1 c6 14. dxe5 dxe5 15. h5 Be6 16. Qe3 Qe7 17. g4 Rab8 18. Na4 c5 19. Ng3 Nc6 20. Bxg7 Kxg7 21. hxg6 fxg6 22. Qh6+ Kg8 23. g5 Ne8 24. Nxc5 Nd4 25. Rxd4 exd4 26. Nxe6 Rxf3 27. e5 d3 28. Bd1 Rxg3 29. Rf1 Ng7 0-1


[Site "https://www.chess.com"]

[Event "Titled Tuesday Blitz February 07 Early 2023"]
[White "Cori T., Deysi"]
[Black "Bachmann, Axel"]
[WhiteFideId "3801934"]
[BlackFideId "3700488"]
[WhiteElo "2362"]
[BlackElo "2604"]
[Result "0-1"]
[Round "02"]
[TimeControl "180+2"]
[Date "2023.02.07"]
[WhiteClock "0:00:03"]
[BlackClock "0:00:11"]

1. d4 Nf6 2. Nf3 g6 3. g3 Bg7 4. Bg2 O-O 5. O-O d6 6. b3 c5 7. Bb2 cxd4 8. Nxd4 d5 9. c4 dxc4 10. bxc4 Na6 11. Nb5 Nc5 12. Nd2 a6 13. Nc3 Be6 14. Rc1 Qc7 15. Qc2 Rfd8 16. Nd5 Nxd5 17. cxd5 Bxb2 18. dxe6 Bxc1 19. exf7+ Kxf7 20. Rxc1 Rac8 21. Bh3 e6 22. Ne4 b6 23. Ng5+ Ke7 24. Qb2 Rd5 25. Qg7+ Kd6 26. Ne4+ Kc6 27. Qb2 Kb7 28. Bxe6 Re5 29. Bxc8+ Kxc8 30. Nxc5 Rxc5 31. Rd1 a5 32. Qh8+ Kb7 33. Qe8 Qc6 34. Qe7+ Ka6 35. Qxh7 Rc2 36. Qe7 Rxa2 37. h4 Rc2 38. Kh2 Rc1 39. Rxc1 Qxc1 40. Qe4 Qc5 41. Kg2 Qd6 42. g4 Kb5 43. h5 gxh5 44. gxh5 a4 45. Qb1+ Ka5 46. Qe1+ Ka6 47. Qa1 a3 48. e4 Qb4 49. h6 Qxe4+ 50. f3 Qg6+ 51. Kf2 Qc2+ 52. Kg3 Qb2 53. Qf1+ b5 0-1


[Site "https://www.chess.com"]

[Event "Titled Tuesday Blitz February 07 Early 2023"]
[White "Lymar, Vladislav"]
[Black "Makarian, Rudik"]
[WhiteFideId "14162180"]
[BlackFideId "44105681"]
[WhiteElo "2119"]
[BlackElo "2545"]
[Result "0-1"]
[Round "02"]
[TimeControl "180+2"]
[Date "2023.02.07"]
[WhiteClock "0:00:09"]
[BlackClock "0:00:14"]

1. e4 c5 2. Nf3 e6 3. g3 Nc6 4. Bg2 Nf6 5. Nc3 d6 6. O-O Be7 7. d3 O-O 8. Nd2 Rb8 9. a4 a6 10. f4 Nd4 11. Ne2 Nxe2+ 12. Qxe2 b5 13. axb5 axb5 14. g4 h6 15. g5 hxg5 16. fxg5 Nh7 17. h4 g6 18. Nf3 f6 19. gxf6 Bxf6 20. Qe1 Qe7 21. Qg3 Kh8 22. Bh6 Rg8 23. c3 b4 24. d4 bxc3 25. bxc3 cxd4 26. cxd4 e5 27. d5 Rb2 28. Rf2 Rxf2 29. Qxf2 Rd8 30. Qb6 Bg7 31. Ra7 Rd7 32. Ra8 Bxh6 33. Rxc8+ Kg7 34. Qb8 Rb7 35. Rg8+ Kf7 36. Qc8 Rb1+ 37. Kh2 Nf8 38. Rh8 Bf4+ 39. Kh3 Kg7 40. Rxf8 Qxf8 41. Qd7+ Kh6 42. Ng5 Rb3+ 43. Bf3 Bxg5 44. hxg5+ Kxg5 45. Qg4+ Kh6 46. Kg3 Qf6 47. Qh3+ Kg7 48. Qd7+ Qf7 49. Qg4 Qf4+ 50. Qxf4 exf4+ 51. Kxf4 Kf6 52. Bg4 g5# 0-1


[Site "https://www.chess.com"]

[Event "Titled Tuesday Blitz February 07 Early 2023"]
[White "Adla, Diego"]
[Black "Ter-Sahakyan, Samvel"]
[WhiteFideId "100072"]
[BlackFideId "13302531"]
[WhiteElo "2383"]
[BlackElo "2617"]
[Result "0-1"]
[Round "02"]
[TimeControl "180+2"]
[Date "2023.02.07"]
[WhiteClock "0:00:13"]
[BlackClock "0:00:08"]

1. Nf3 d5 2. c4 d4 3. b4 c5 4. Bb2 Nf6 5. e3 dxe3 6. fxe3 cxb4 7. d4 g6 8. Bd3 Bh6 9. Qe2 O-O 10. O-O b6 11. e4 Nh5 12. Qf2 Nd7 13. e5 Bb7 14. Nbd2 Rc8 15. Kh1 a5 16. Rae1 e6 17. Bc2 Ba6 18. Bb3 a4 19. Bxa4 Bxc4 20. Nxc4 Rxc4 21. Rd1 Qe7 22. Bb5 Rc7 23. Nd2 Bxd2 24. Qxd2 Rfc8 25. Bd3 b5 26. Rc1 Nb6 27. Rxc7 Rxc7 28. Rc1 Nc4 29. Qf2 Qg5 30. Rc2 Nf4 31. Be4 Nd5 32. Bxd5 exd5 33. Bc1 Qf5 34. Qxf5 gxf5 35. Bd2 Rc6 36. Bxb4 Nxe5 37. Rxc6 Nxc6 38. Bc5 Kg7 39. Kg1 Kg6 40. Kf2 f4 41. Kf3 Kf5 42. a3 h6 43. h3 h5 44. h4 f6 45. Bb6 Ne7 46. Bc5 Ng6 47. g3 fxg3 48. Kxg3 Nf4 49. Kf3 Ng6 50. Kg3 Ke4 51. Be7 Nxe7 0-1


[Site "https://www.chess.com"]

[Event "Titled Tuesday Blitz February 07 Early 2023"]
[White "Jones, Gawain C B"]
[Black "Djokovic, Nebojsa"]
[WhiteFideId "409561"]
[BlackFideId "938300"]
[WhiteElo "2618"]
[BlackElo "2119"]
[Result "1-0"]
[Round "02"]
[TimeControl "180+2"]
[Date "2023.02.07"]
[WhiteClock "0:01:12"]
[BlackClock "0:00:08"]

1. Nf3 Nf6 2. c4 e6 3. g3 d5 4. Bg2 Be7 5. O-O O-O 6. b3 d4 7. e3 c5 8. d3 Nc6 9. exd4 cxd4 10. Ba3 Bxa3 11. Nxa3 Re8 12. Re1 e5 13. c5 Qa5 14. Nc4 Qxc5 15. Rc1 Qf8 16. Nfxe5 Nxe5 17. Nxe5 Be6 18. Bxb7 Rab8 19. Bg2 Qa3 20. Nc6 Rb6 21. Nxd4 Qxa2 22. Ra1 Qb2 23. Nxe6 fxe6 24. Rxa7 Qxb3 25. Qc1 Rd6 26. Qg5 Rd7 27. Rxd7 Nxd7 28. Bd5 Qxd3 29. Rxe6 Qd1+ 30. Re1+ Qxd5 31. Rxe8+ Kf7 32. Re7+ Kf8 33. Qxg7# 1-0


[Site "https://www.chess.com"]